 Dungeon Crawl Stone Soup version 0.23-b1-59-g586d0d887c (webtiles) character file.

Game seed: 6477775640580515010

9553 LostNumber the Geomancer (level 11, -2/69 HPs)
             Began as a Gargoyle Earth Elementalist on Feb 4, 2019.
             Was a High Priest of Sif Muna.
             Slain by a two-headed ogre
             ... wielding a +0 giant club of flaming
              (20 damage)
             ... in a volcano.
             The game lasted 00:24:09 (10246 turns).

LostNumber the Geomancer (GrEE)                    Turns: 10246, Time: 00:24:10

Health: -2/69      AC: 12    Str: 12    XL:     11   Next: 48%
Magic:  10/22      EV: 13    Int: 19    God:    Sif Muna [*****.]
Gold:   256        SH:  5    Dex: 13    Spells: 7/25 levels left

rFire    + . .     SeeInvis .   p - +7 spear "Guheecw" {venom, rC+ Dex+3 Stlth+}
rCold    + + .     Gourm    .   a - +0 buckler of Happy Babbling {rC+ Stlth+} (curse)
rNeg     + . .     Faith    .   C - +0 robe {Archmagi}
rPois    ∞         Spirit   .   (no helmet)
rElec    +         Reflect  .   k - +1 cloak
rCorr    .         Harm     .   (no gloves)
MR       .....                  (no boots)
Stlth    ++++......             (no amulet)
HPRegen  0.21/turn              q - ring of flight
MPRegen  0.18/turn              i - ring of protection from fire

@: no status effects
A: negative energy resistance 1, electricity resistance, unbreathing,
petrification resistance, rot immunity, AC +8
a: Divine Energy, Channel Magic, Forget Spell, Renounce Religion, Evoke Flight


You were in a volcano.
You worshipped Sif Muna.
Sif Muna was extremely pleased with you.
You were not hungry.

You visited 2 branches of the dungeon, and saw 12 of its levels.
You also visited: Volcano.

You collected 624 gold pieces.
You spent 368 gold pieces at shops.

Inventory:

Hand Weapons
 p - the +7 spear "Guheecw" (weapon) {venom, rC+ Dex+3 Stlth+}
   (You found it on level 9 of the Dungeon)

   It poisons the flesh of those it strikes.
   It affects your dexterity (+3).
   It protects you from cold.
   It makes you more stealthy.
 w - the +7 quarterstaff "Oluliot" {speed, Dex+3}
   (You found it on level 5 of the Dungeon)

   Attacks with this weapon are significantly faster.
   It affects your dexterity (+3).
 y - the +5 long sword "Qunorph" {drain, rElec Str+4 Int-2}
   (You found it on level 2 of the Lair of Beasts)

   A truly terrible weapon, it drains the life of those it strikes.
   It affects your strength (+4).
   It affects your intelligence (-2).
   It insulates you from electricity.
Missiles
 b - 250 stones (quivered)
 E - a throwing net {!f}
Armour
 a - the cursed +0 buckler of Happy Babbling (worn) {rC+ Stlth+}
   (You bought it in a shop on level 10 of the Dungeon)

   It protects you from cold.
   It makes you more stealthy.
   It has a curse placed upon it.
 k - a +1 cloak (worn)
   (You took it off Crazy Yiuf on level 5 of the Dungeon)
 C - a +0 robe of the Archmagi (worn)
   (You took it off Pikel on level 9 of the Dungeon)
Jewellery
 i - a ring of protection from fire (right hand)
   (You found it on level 8 of the Dungeon)
 q - a ring of flight (left hand)
   (You found it on level 4 of the Dungeon)
Wands
 c - a wand of disintegration (15)
   (You found it on level 2 of the Lair of Beasts)
 d - a wand of iceblast (9)
   (You found it on level 8 of the Dungeon)
 u - a wand of clouds (6)
   (You found it on level 1 of the Lair of Beasts)
 v - a wand of digging (18)
   (You took it off Crazy Yiuf on level 5 of the Dungeon)
Scrolls
 g - 2 scrolls of fog
 h - 4 scrolls of immolation {!r}
 j - 2 scrolls of vulnerability {!r}
 l - 3 scrolls of amnesia
 r - 5 scrolls of teleportation {@r4}
 z - a scroll of enchant weapon
 A - a scroll of fear
 F - a scroll of enchant armour
Potions
 f - 5 potions of lignification {!q}
 m - a potion of cancellation
 n - a potion of invisibility
 o - a potion of haste {@q3}
 s - 5 potions of curing {@q1}
 t - 2 potions of berserk rage
 x - a potion of flight
 D - 2 potions of heal wounds {@q2}
Comestibles
 e - 22 rations {!d}


   Skills:
 + Level 8.8 Fighting
 + Level 3.5 Dodging
 + Level 2.9 Stealth
 - Level 4.2 Shields
 + Level 7.7 Spellcasting
 + Level 7.4 Conjurations
 - Level 0.7 Transmutations
 + Level 12.2 Earth Magic


You had 7 spell levels left.
You knew the following spells:

 Your Spells              Type           Power        Failure   Level  Hunger
a - Sandblast             Erth           ######       1%          1    None
b - Lee's Rapid Deconstr  Erth           ######....   1%          5    #####..
c - Petrify               Tmut/Erth      #####...     6%          4    ###....
e - Regeneration          Chrm/Necr      ##........   28%         3    #......
q - Passwall              Tmut/Erth      #####...     1%          2    None
x - Stone Arrow           Conj/Erth      ######       1%          3    #......

Your spell library contained the following spells:

 Spells                   Type           Power        Failure   Level  Hunger
 Dazzling Spray           Conj/Hex       ####..       6%          3    #......
 Beastly Appendage        Tmut           ###...       7%          1    None
 Confusing Touch          Hex            ##....       10%         1    None
 Corona                   Hex            ##.....      10%         1    None
 Infusion                 Chrm           ##..         10%         1    None
 Sticks to Snakes         Tmut           ###.....     11%         2    None
 Ensorcelled Hibernation  Hex/Ice        ##....       14%         2    None
 Shroud of Golubria       Chrm/Tloc      ##........   14%         2    None
 Song of Slaying          Chrm           ##......     14%         2    None
 Spider Form              Tmut/Pois      ##........   24%         3    #......
 Iron Shot                Conj/Erth      ######....   26%         6    ######.
 Confuse                  Hex            ##......     28%         3    #......
 Gell's Gravitas          Tloc           ##........   28%         3    #......
 Spectral Weapon          Hex/Chrm       ##......     28%         3    #......
 Tukima's Dance           Hex            ##......     28%         3    #......
 Irradiate                Conj/Tmut      ####......   43%         5    #####..
 Fireball                 Conj/Fire      ####......   50%         5    #####..
 Ice Form                 Ice/Tmut       ##......     63%         4    ###....
 Blade Hands              Tmut           ###.......   89%         5    #####..
 Yara's Violent Unravell  Hex/Tmut       ##........   92%         5    #####..
 Metabolic Englaciation   Hex/Ice        ##........   95%         5    #####..
 Hydra Form               Tmut           ###.......   100%        6    ######.
 Dragon Form              Tmut           ###.......   100%        7    #######
 Lehudib's Crystal Spear  Conj/Erth      ######....   100%        8    #######
 Statue Form              Tmut/Erth      Unusable     N/A         6    N/A

Dungeon Overview and Level Annotations

Branches:
Dungeon (10/15)            Temple (0/1) D:5            Lair (2/6) D:9
  Swamp: Lair:2-4    Shoals: Lair:2-4     Snake: Lair:2-4    Spider: Lair:2-4
    Orc: D:9-12

Altars:
Ashenzari
Cheibriados
Dithmenos
Kikubaaqudgha
Nemelex Xobeh
Qazlal
Sif Muna
Trog
Uskayaw
Vehumet
Wu Jian
Xom
Yredelemnul
Zin
The Shining One

Shops:
D:7 ?   D:10 [

Annotations:
D:8 1 runed translucent door, Froggeryz's ghost, novice GnSk
D:9 1 runed translucent door, Thargor's ghost, novice GrEE


Innate Abilities, Weirdness & Mutations

You are resistant to torment.
Your stone body is resilient. (AC +8)
You are immune to poison.
You resist negative energy. (rN+)
You are resistant to electric shocks. (rElec)
You can survive without breathing.
You are immune to petrification.
You are immune to rotting.


Message History

Sif Muna accepts your kill.
You can't see any susceptible monsters within range! (Use Z to cast anyway.)
You can't see any susceptible monsters within range! (Use Z to cast anyway.)
You can't see any susceptible monsters within range! (Use Z to cast anyway.)
What are your orders? t - Shout!
Orders for allies: a - Attack new target. r - Retreat! s - Stop attacking. g - Guard the area. f - Follow me.
Anything else - Cancel.
You shout for attention!
The lava snake hisses angrily.
You hear an angry hiss.
The lava snake spits lava at you. You partially resist.
The glob of lava hits you.
You can't see any susceptible monsters within range! (Use Z to cast anyway.)
You can't see any susceptible monsters within range! (Use Z to cast anyway.)
You can't see any susceptible monsters within range! (Use Z to cast anyway.)
Aim: a lava snake (black smoke, lava, catching its breath)
You feel a surge of power!
The stone arrow misses the lava snake.
Aim: a lava snake (black smoke, lava, catching its breath)
You feel a surge of power!
The stone arrow hits the lava snake!
You kill the lava snake!
Sif Muna accepts your kill.
You can't see any susceptible monsters within range! (Use Z to cast anyway.) Unknown command.
You can't see any susceptible monsters within range! (Use Z to cast anyway.)
You start resting.
You open the door.
A two-headed ogre comes into view.
It is wielding two +0 giant clubs of flaming.
Found a rocky tunnel leading out of this place.
Aim: a two-headed ogre, wielding two +0 giant clubs of flaming (resting)
You feel a surge of power!
The stone arrow hits the two-headed ogre!!
The two-headed ogre shouts in stereo!
Aim: a two-headed ogre, wielding two +0 giant clubs of flaming (moderately wounded)
You feel a surge of power!
The stone arrow hits the two-headed ogre!
The two-headed ogre hits you with a +0 giant club of flaming!!
The two-headed ogre burns you. The two-headed ogre barely misses you.
Aim: a two-headed ogre, wielding two +0 giant clubs of flaming (severely wounded)
You feel a surge of power!
The stone arrow hits the two-headed ogre!
Aim: a two-headed ogre, wielding two +0 giant clubs of flaming (almost dead)
You feel a surge of power!
The stone arrow hits the two-headed ogre.
The two-headed ogre hits you with a +0 giant club of flaming!!
* * * LOW HITPOINT WARNING * * *
The two-headed ogre burns you.
* * * LOW HITPOINT WARNING * * *
The two-headed ogre hits you with a +0 giant club of flaming!!
You die...

#...≈§§§≈≈§§§≈≈.§§..#
#...≈§§§§§≈§≈....###
#....≈≈§§§≈§§≈..##
#.......≈≈≈§...##
##......≈≈≈§...#
#...##..≈§....#
#8.8###.....### ##.##
##...## #@# #...##
#O# ##### ... .....
#..∩..# #.....#
###+###


You could see a two-headed ogre.

Vanquished Creatures
  An unseen horror (D:10)
  Pikel (D:9)
  2 black mambas (Lair:1)
  A spiny frog (Lair:1)
  A troll (D:9)
  5 blink frogs (Lair:1)
  2 yaks (D:9)
  6 fire bats (Volcano)
  A hungry ghost (D:9)
  7 porcupines
  5 water moccasins
  3 sky beasts
  A necrophage (D:9)
  3 slaves
  An orc warrior (D:10)
  A phantom (D:9)
  4 black bears
  2 wolves (D:9)
  2 centaurs
  3 ogres
  4 crocodiles
  A big kobold (D:7)
  Blork the orc (D:6)
  2 bullfrogs (Lair:1)
  3 scorpions
  6 killer bees
  3 wights (D:8)
  7 lava snakes (Volcano)
  A crimson imp (D:7)
  A centaur zombie (D:2)
  2 quasits
  2 hounds
  2 jellies (D:5)
  3 orc priests
  A bullfrog skeleton (D:8)
  4 centaur skeletons
  An iron imp (D:5)
  Crazy Yiuf (D:5)
  An iguana (D:4)
  7 orc wizards
  5 worker ants
  3 hound skeletons
  12 adders
  4 gnolls
  2 howler monkey skeletons
  2 shadow imps
  An ooze (D:1)
  An adder skeleton (D:8)
  A worm (D:2)
  2 dart slugs (D:1)
  10 leopard geckos
  20 orcs
  4 bats
  5 giant cockroaches
  5 goblins
  6 hobgoblins
  12 jackals
  4 quokkas
  A ball python (D:1)
  4 frilled lizards
  A jackal skeleton (D:5)
  12 kobolds
  A leopard gecko skeleton (D:5)
  A quokka skeleton (D:9)
  5 rats
  A plant (Lair:1)
230 creatures vanquished.

Vanquished Creatures (others)
  3 fungi (D:9)
  3 plants (D:9)
6 creatures vanquished.

Grand Total: 236 creatures vanquished

Notes
Turn   | Place    | Note
-------+----------+-------------------------------------------
     0 | D:1      | LostNumber the Gargoyle Earth Elementalist began the quest
                  | for the Orb.
     0 | D:1      | Reached XP level 1. HP: 10/10 MP: 3/3
   120 | D:1      | Reached skill level 4 in Earth Magic
   120 | D:1      | Reached XP level 2. HP: 3/16 MP: 0/5
   513 | D:1      | Reached skill level 1 in Fighting
   625 | D:1      | Reached XP level 3. HP: 20/20 MP: 6/6
   630 | D:1      | Learned a level 3 spell: Stone Arrow
   879 | D:2      | Found a radiant altar of Vehumet.
  1025 | D:2      | Found a faded altar of an unknown god.
  1025 | D:2      | Found a glowing silver altar of Zin.
  1029 | D:2      | Reached skill level 5 in Earth Magic
  1029 | D:2      | Reached XP level 4. HP: 26/26 MP: 3/7
  1033 | D:2      | Found an ornate altar of the Wu Jian Council.
  1035 | D:2      | Found a deep blue altar of Sif Muna.
  1037 | D:2      | Found a faded altar of an unknown god.
  1053 | D:2      | Became a worshipper of Sif Muna the Loreminder
  1622 | D:3      | Reached XP level 5. HP: 21/30 MP: 1/9
  1713 | D:3      | Learned a level 5 spell: Lee's Rapid Deconstruction
  1968 | D:3      | Found a shadowy altar of Dithmenos.
  2002 | D:3      | Found an ancient bone altar of Kikubaaqudgha.
  2331 | D:4      | Found a bloodstained altar of Trog.
  2335 | D:4      | Reached skill level 1 in Conjurations
  2445 | D:4      | Noticed an ogre
  2448 | D:4      | Killed an ogre
  2448 | D:4      | Reached skill level 6 in Earth Magic
  2448 | D:4      | Reached XP level 6. HP: 36/36 MP: 6/10
  2722 | D:4      | Reached * piety under Sif Muna
  3284 | D:5      | Entered Level 5 of the Dungeon
  3306 | D:5      | Noticed a sky beast
  3324 | D:5      | Killed a sky beast
  3324 | D:5      | Reached XP level 7. HP: 35/41 MP: 5/12
  3414 | D:5      | Found a shattered altar of Ashenzari.
  3436 | D:5      | Reached skill level 7 in Earth Magic
  3638 | D:5      | Got a crude quarterstaff
  3656 | D:5      | Identified the +7 quarterstaff "Oluliot" {speed, Dex+3}
                  | (You found it on level 5 of the Dungeon)
  3732 | D:5      | Found a snail-covered altar of Cheibriados.
  3846 | D:5      | Found a sparkling altar of Nemelex Xobeh.
  3885 | D:5      | Found a hide-covered altar of Uskayaw.
  3888 | D:5      | Noticed a +0 dagger
  3888 | D:5      | Noticed a +0 hand axe
  3937 | D:5      | Found a runed translucent door.
  3938 | D:5      | Noticed Crazy Yiuf
  3945 | D:5      | Killed Crazy Yiuf
  3975 | D:5      | Found a staircase to the Ecumenical Temple.
  4371 | D:6      | Noticed Blork the orc
  4410 | D:6      | Reached ** piety under Sif Muna
  4585 | D:6      | Learned a level 4 spell: Petrify
  4667 | D:6      | Reached skill level 8 in Earth Magic
  4667 | D:6      | Reached XP level 8. HP: 48/48 MP: 1/14
  5021 | D:6      | Killed Blork the orc
  5452 | D:7      | Found Ycosijul's Magic Scroll Shoppe.
  5453 | D:7      | Noticed a wraith
  5453 | D:7      | Noticed a wraith
  5453 | D:7      | Noticed a death knight
  5454 | D:7      | Noticed a wraith
  5455 | D:7      | Noticed a wraith
  5776 | D:7      | Reached skill level 5 in Fighting
  5776 | D:7      | Reached skill level 9 in Earth Magic
  5787 | D:7      | Bought a scroll of teleportation for 30 gold pieces
  5787 | D:7      | Bought a scroll of teleportation for 30 gold pieces
  5787 | D:7      | Bought a scroll of fog for 20 gold pieces
  5787 | D:7      | Bought a scroll of teleportation for 30 gold pieces
  5787 | D:7      | Bought a scroll of teleportation for 30 gold pieces
  5996 | D:8      | Reached XP level 9. HP: 45/54 MP: 0/16
  6000 | D:8      | Reached skill level 5 in Spellcasting
  6122 | D:8      | Learned a level 2 spell: Passwall
  6146 | D:8      | Learned a level 3 spell: Regeneration
  6193 | D:8      | Found a glowing golden altar of the Shining One.
  6239 | D:8      | Reached *** piety under Sif Muna
  6287 | D:8      | Found a runed translucent door.
  6292 | D:8      | Noticed Froggeryz's ghost (novice GnSk)
  6302 | D:8      | Reached skill level 5 in Conjurations
  6341 | D:8      | Found a stormy altar of Qazlal.
  6442 | D:8      | Found a basalt altar of Yredelemnul.
  6444 | D:8      | Noticed a profane servitor
  6577 | D:8      | Noticed an angel
  6655 | D:9      | Reached skill level 10 in Earth Magic
  6700 | D:9      | Got a shimmering spear
  6707 | D:9      | Identified the +7 spear "Guheecw" {venom, rC+ Dex+3 Stlth+}
                  | (You found it on level 9 of the Dungeon)
  6753 | D:9      | Found a runed translucent door.
  6753 | D:9      | Found a shimmering altar of Xom.
  6753 | D:9      | Noticed a +2 rapier of chaos
  6753 | D:9      | Noticed Thargor's ghost (novice GrEE)
  6802 | D:9      | Reached skill level 1 in Shields
  6980 | D:9      | Found a staircase to the Lair.
  7141 | D:9      | Reached skill level 11 in Earth Magic
  7141 | D:9      | Reached XP level 10. HP: 45/61 MP: 6/18
  7206 | D:8      | Reached **** piety under Sif Muna
  7488 | D:9      | Noticed Pikel
  7495 | D:9      | Killed Pikel
  8051 | D:10     | Entered Level 10 of the Dungeon
  8260 | D:10     | Found Naiweexe's Antique Armour Boutique.
  8263 | D:10     | Bought a distressingly furry buckler for 228 gold pieces
  8268 | D:10     | Identified the cursed +0 buckler of Happy Babbling {rC+
                  | Stlth+} (You bought it in a shop on level 10 of the
                  | Dungeon)
  8273 | D:10     | Noticed a two-headed ogre
  8278 | D:10     | Killed an unseen horror
  8278 | D:10     | Reached skill level 12 in Earth Magic
  8413 | Lair:1   | Entered Level 1 of the Lair of Beasts
  8641 | Lair:1   | Reached XP level 11. HP: 54/68 MP: 7/21
  8816 | Lair:1   | Reached ***** piety under Sif Muna
  8816 | Lair:1   | Identified Onalorche's Papyrus of the Mountains and Attacks
                  | (Sif Muna gifted it to you on level 1 of the Lair of
                  | Beasts)
  8816 | Lair:1   | Received a gift from Sif Muna
  9483 | Lair:2   | Got a crystal long sword
  9490 | Lair:2   | Identified the +5 long sword "Qunorph" {drain, rElec Str+4
                  | Int-2} (You found it on level 2 of the Lair of Beasts)
  9607 | Lair:2   | Found a dark tunnel.
  9612 | Volcano  | Entered a volcano
 10242 | Volcano  | Noticed a two-headed ogre
 10246 | Volcano  | Slain by a two-headed ogre

Skill      XL: |  1  2  3  4  5  6  7  8  9 10 11 |
---------------+----------------------------------+-----
Earth Magic    | 4 5 6 8 9 11 12 | 12.2
Fighting       | 1 2 3 4 5 6 8 |  8.8
Spellcasting   | 3 4 5 7 |  7.7
Conjurations   | 1 2 3 4 6 7 |  7.4
Shields        | 2 4 |  4.2
Dodging        | 2 3 |  3.5
Stealth        | |  2.9
Transmutations | |  0.7

Action                   |  1- 3 |  4- 6 |  7- 9 | 10-12 || total
-------------------------+-------+-------+-------+-------++-------
Melee: Unarmed           |    37 |       |       |       ||    37
       Spear             |     6 |   136 |    27 |    75 ||   244
       Quarterstaff      |       |       |   101 |       ||   101
 Cast: Sandblast         |    27 |    41 |    54 |    50 ||   172
       Stone Arrow       |     4 |    14 |    58 |    61 ||   137
       Lee's Rapid Decon |       |       |       |     4 ||     4
  Use: Scroll            |       |     3 |    13 |     5 ||    21
 Stab: Sleeping          |     1 |     2 |     2 |     2 ||     7
  Eat: Chunk             |     1 |     9 |    16 |    10 ||    36
       Ration            |       |       |       |     1 ||     1
Armor: Robe              |    25 |    38 |    79 |    52 ||   194
Dodge: Dodged            |    35 |    85 |   113 |    74 ||   307
Block: Buckler           |       |       |       |    20 ||    20
